 Dungeon Crawl Stone Soup version 0.21.1-1-g345015f (webtiles) character file.

174300 RedSatellite the Peltast (level 18, -3/120 HPs)
             Began as a Gargoyle Fighter on June 19, 2018.
             Was the Champion of Okawaru.
             Slain by a ghost moth (9 damage)
             ... on level 4 of the Spider Nest on June 20, 2018.
             The game lasted 05:29:25 (45924 turns).

RedSatellite the Peltast (Gargoyle Fighter)        Turns: 45924, Time: 05:29:25

Health: -3/120     AC: 50    Str: 25 (27) XL:     18   Next: 7%
Magic:  0/18       EV: 14    Int: 14 (15) God:    Okawaru [******]
Gold:   1494       SH: 19    Dex: 14      Spells: 6/17 levels left

rFire    . . .     SeeInvis .   d - +3 mace (protect)
rCold    + . .     Gourm    .   t - +1 shield {AC+3}
rNeg     + + .     Faith    .   C - +1 plate armour
rPois    ∞         Spirit   +   K - +1 helmet {Int+3}
rElec    +         Reflect  +   c - scarf {Spirit}
rCorr    .         Harm     .   s - +3 pair of gloves of Brilliance {rN+ MR+ Str+2}
MR       ++...                  (no boots)
Stlth    ..........             k - +3 amulet of reflection
HPRegen  0.30/turn              m - +1 ring of protection
MPRegen  0.16/turn              o - ring of protection from cold

@: agile, protection aura, very slightly contaminated, hasted, very quick
A: big wings, camouflage 1, mutation resistance 1, negative energy resistance 1,
electricity resistance, unbreathing, petrification resistance, rot immunity, AC
+13
a: Fly, Heroism, Finesse, Renounce Religion


You were on level 4 of the Spider Nest.
You worshipped Okawaru.
Okawaru was exalted by your worship.
You were not hungry.

You visited 6 branches of the dungeon, and saw 29 of its levels.

You collected 2575 gold pieces.
You spent 1081 gold pieces at shops.

Inventory:

Hand Weapons
 d - a +3 mace of protection (weapon)
 M - a +4 morningstar of freezing
Missiles
 q - 41 tomahawks (quivered)
 z - 9 poisoned tomahawks
Armour
 c - a scarf of spirit shield (worn)
 j - a scarf of repulsion
 p - a +2 pair of gloves of dexterity
 s - the +3 pair of gloves of Brilliance (worn) {rN+ MR+ Str+2}
   (Okawaru gifted it to you on level 10 of the Dungeon)

   It affects your strength (+2).
   It protects you from negative energy.
   It affects your resistance to hostile enchantments.
 t - a +1 shield of protection (worn)
 C - a +1 plate armour (worn)
 H - a +0 cloak
 K - a +1 helmet of intelligence (worn)
 U - a scarf of cloud immunity
Jewellery
 e - an uncursed ring of protection from fire
 k - a +3 amulet of reflection (around neck)
 m - a +1 ring of protection (left hand)
 o - a ring of protection from cold (right hand)
 V - an uncursed amulet of faith
Wands
 b - a wand of iceblast (15)
 l - a wand of disintegration (17)
 r - a wand of acid (9)
 v - a wand of enslavement (10)
 x - a wand of random effects (22)
 F - a wand of polymorph (38)
 W - a wand of paralysis (6)
Scrolls
 h - a scroll of enchant weapon
 i - 9 scrolls of identify
 u - 4 scrolls of teleportation
 w - 2 scrolls of torment
 y - 2 scrolls of magic mapping
 G - 9 scrolls of remove curse
 R - 2 scrolls of fog
 S - a scroll of blinking
 T - 2 scrolls of amnesia
 X - a scroll of enchant armour
Potions
 A - 2 potions of agility
 D - 3 potions of brilliance
 E - 2 potions of curing
 I - a potion of resistance
 L - a potion of invisibility
Books
 g - the Grimoire of Moulding and the Compass
   (You found it on level 1 of the Spider Nest)

   Spells                             Type                      Level
   a - Apportation                    Translocation                1
   b - Blink                          Translocation                2
   c - Spider Form                    Transmutation/Poison         3
   d - Irradiate                      Conjuration/Transmutation    5
   e - Controlled Blink               Translocation                8
 n - a book of Death

   Spells                             Type                      Level
   a - Corpse Rot                     Necromancy                   2
   b - Sublimation of Blood           Necromancy                   2
   c - Agony                          Necromancy                   5
   d - Dispel Undead                  Necromancy                   5
   e - Excruciating Wounds            Charms/Necromancy            5
   f - Bolt of Draining               Conjuration/Necromancy       5
Miscellaneous
 P - a lamp of fire
Comestibles
 f - 21 rations


   Skills:
 + Level 15.8 Fighting
 - Level 16.0 Maces & Flails
 * Level 16.0 Armour
 - Level 3.0 Dodging
 - Level 2.0 Stealth
 + Level 17.8 Shields
 - Level 6.0 Conjurations
 - Level 1.2 Invocations
 - Level 0.4 Evocations


You had 6 spell levels left.
You knew the following spells:

 Your Spells              Type           Power        Failure   Level  Hunger
a - Venom Bolt            Conj/Pois      #.........   100%        5    ######.
b - Iron Shot             Conj/Erth      #.........   100%        6    #######


Dungeon Overview and Level Annotations

Branches:
Dungeon (15/15) Temple (1/1) D:4 Lair (6/6) D:9 Swamp (1/4) Lair:4 Spider (4/4) Lair:2 Slime (0/5) Lair:6 Orc (2/2) D:10 Elf (0/3) Orc:2 Vaults (0/5) D:12 D:13 Depths (0/5) D:15

Altars:
Ashenzari
Cheibriados
Dithmenos
Elyvilon
Fedhas
Gozag
Hepliaklqana
Kikubaaqudgha
Makhleb
Nemelex Xobeh
Okawaru
Qazlal
Ru
Sif Muna
Trog
Uskayaw
Vehumet
Wu Jian
Xom
Yredelemnul
Zin
The Shining One
Beogh

Shops:
D:4 ?=   D:9 (   D:12 *:!   Orc:2 }%:!

Annotations:
D:4 exclusion: downstairs
D:12 exclusions: ice statue and obsidian statue
Lair:5 exclusion: oklob plant


Innate Abilities, Weirdness & Mutations

You are resistant to torment.
Your stone body is resilient. (AC +13)
You are immune to poison.
Your large and strong wings let you fly indefinitely.
You resist negative energy. (rN+)
You are resistant to electric shocks. (rElec)
You can survive without breathing.
You are immune to petrification.
You are immune to rotting.
Your skin changes colour to match your surroundings (Stealth+).
You are somewhat resistant to further mutation.


Message History

You sock something!
Your plate armour prevents you from hitting something.
Something hits you but does no damage. You block something's attack. x2
You miss something. You closely miss something.
You feel you are being watched by something.
Something barely misses you. Something hits you but does no damage.
Something stings you but does no damage.
You closely miss something.
Something hits you but does no damage. x2
Something stings you but does no damage.
You sock something! You hit something but do no damage.
You feel you are being watched by something.
Something hits you but does no damage. x2
Something stings you but does no damage.
You miss something. You hit something but do no damage.
You feel you are being watched by something.
Something hits you but does no damage. Something hits you!
You die...

≈..≈# #..≈# ##.^≈# #†..#
## #.†.#^.# ###.)≈≈≈.#
##^..≈≈≈≈s####### ####
#...≈##.s###....##..^###
#≈..≈# ###≈...†{@.....^##
##≈..# ###≈..#≈.......^.#
#...≈###...†##.....##..^#
##...≈#≈...####....##≈..≈
##....≈..≈# ##....^#
##.^...≈## ##...##
###..^## #...# #####
####'''####
####.........####


There were no monsters in sight!

Vanquished Creatures
  Arachne (Spider:4)
  Rupert (D:14)
  Frances (D:14)
  2 orc warlords
  2 ghost moths
  2 emperor scorpions (Spider:3)
  5 entropy weavers
  Nessos (D:13)
  A spark wasp (Spider:4)
  3 ettins
  The ghost of w0lly the Basher, a journeyman DsBe of Trog (Lair:1)
  The ghost of Nicoed the Cleaver, a journeyman MiBe of Trog (D:11)
  3 hydras
  Harold (D:12)
  A catoblepas (Lair:2)
  A centaur warrior (D:13)
  13 two-headed ogres
  6 death yaks (Lair:6)
  A merfolk avatar (Lair:6)
  The ghost of matthes123 the Cleaver, a novice FoFi of Ashenzari (D:8)
  A tengu warrior (D:13)
  5 orc high priests (Orc:2)
  A shock serpent (shapeshifter) (D:15)
  The ghost of Bnni the Covert, a novice OpAs of Wu Jian (D:9)
  The ghost of emiel the Covert, a journeyman FeWn of Cheibriados (Orc:2)
  A deep elf knight (D:12)
  5 skeletal warriors (D:15)
  4 unseen horrors
  A wizard (D:15)
  Pikel (D:6)
  5 orc knights
  A necromancer (D:15)
  20 orb spiders
  4 orc sorcerers
  3 deep elf magi
  An oklob plant (Lair:5)
  17 wolf spiders
  7 ugly things (D:14)
  A wolf spider zombie (D:15)
  4 manticores
  24 elephants
  2 cyclopes
  8 black mambas
  An elephant (shapeshifter) (D:15)
  The ghost of twistedcrescendo the Skirmisher, a novice MiBe of Trog (D:5)
  A gargoyle (D:13)
  A naga mage (D:15)
  14 spiny frogs
  3 centaur skeletons (D:15)
  5 rime drakes
  An efreet (D:14)
  8 komodo dragons
  A komodo dragon (shapeshifter) (D:14)
  16 demonic crawlers
  44 jumping spiders
  12 trolls
  3 meliai (Spider:3)
  7 polar bears
  A tyrant leech (Swamp:1)
  7 hornets
  2 wind drakes (Lair:6)
  13 blink frogs
  4 slime creatures (Swamp:1)
  A bog body (Swamp:1)
  10 hippogriffs
  3 dream sheep (Lair:6)
  A centaur simulacrum (D:15)
  A shadow (D:13)
  52 yaks
  A vampire (D:12)
  77 redbacks
  A water elemental (D:15)
  17 tarantellas
  7 wyverns
  16 humans (D:12)
  2 spriggans
  A basilisk (Lair:2)
  7 vampire mosquitoes
  2 hungry ghosts
  Menkaure (D:7)
  9 swamp worms
  2 wargs
  An acid dragon (D:14)
  9 porcupines
  16 water moccasins
  42 orc warriors
  Duvessa (D:6)
  2 hornet zombies
  2 phantoms
  2 sky beasts (D:6)
  A slave (D:5)
  5 ice beasts
  4 black bears
  5 wolves (Lair:3)
  20 ogres
  A necrophage (D:11)
  7 crocodiles
  11 centaurs
  Blork the orc (D:6)
  10 big kobolds
  18 bullfrogs
  10 gnoll sergeants
  Dowan (D:6)
  A water moccasin skeleton (D:11)
  8 scorpions
  13 killer bees
  4 electric eels
  8 wights
  4 howler monkeys
  A bullfrog zombie (D:9)
  4 centaur zombies
  9 crimson imps
  34 orc priests
  12 hounds
  6 jellies
  2 bullfrog skeletons
  24 orc wizards
  Terence (D:3)
  Jessica (D:3)
  5 iguanas
  8 worker ants
  The ghost of tidbits the Charmwright, a weakling GnSk (D:4)
  3 hound zombies
  A worker ant zombie (D:5)
  10 adders
  31 gnolls
  A shadow imp (D:11)
  2 oozes (Lair:6)
  5 worms
  2 dart slugs (D:2)
  8 leopard geckos
  104 orcs
  5 bats
  6 giant cockroaches
  18 goblins
  6 hobgoblins
  11 jackals
  4 quokkas
  A ball python (D:1)
  3 frilled lizards
  14 kobolds
  A leopard gecko skeleton (D:6)
  A quokka skeleton (D:4)
  4 rats
  A spectral orc (D:3)
  6 plants
1085 creatures vanquished.

Vanquished Creatures (others)
  3 cyclopes
  A dream sheep (Lair:6)
  A tarantella (Spider:4)
  A slave (D:5)
  4 centaurs
  19 fungi
  10 plants
39 creatures vanquished.

Grand Total: 1124 creatures vanquished

Notes
Turn   | Place    | Note
-------+----------+-------------------------------------------
     0 | D:1      | RedSatellite the Gargoyle Fighter began the quest for the Orb.
     0 | D:1      | Reached XP level 1. HP: 14/14 MP: 1/1
   195 | D:1      | Reached XP level 2. HP: 17/19 MP: 2/2
  1042 | D:2      | Reached XP level 3. HP: 15/23 MP: 3/3
  1210 | D:2      | Reached XP level 4. HP: 19/28 MP: 4/4
  2256 | D:2      | Reached skill level 4 in Shields
  2493 | D:2      | Found a shadowy altar of Dithmenos.
  2921 | D:3      | Reached XP level 5. HP: 33/33 MP: 5/5
  2943 | D:3      | Found a basalt altar of Yredelemnul.
  3232 | D:3      | Reached skill level 1 in Dodging
  3271 | D:3      | Noticed Terence
  3296 | D:3      | Killed Terence
  3436 | D:3      | Noticed Jessica
  3457 | D:3      | Killed Jessica
  3457 | D:3      | Reached XP level 6. HP: 38/38 MP: 6/6
  4206 | D:4      | Found Naymakh's Magic Scroll Shop.
  4243 | D:4      | Bought a scroll of teleportation for 30 gold pieces
  4408 | D:4      | Gained mutation: You have sharp fingernails. [potion of mutation]
  4408 | D:4      | Gained mutation: Your mind is acute. (Int +2) [potion of mutation]
  4408 | D:4      | Gained mutation: Your mind is very acute. (Int +4) [potion of mutation]
  4411 | D:4      | Noticed tidbits's ghost (weakling GnSk)
  4432 | D:4      | Killed tidbits's ghost
  4778 | D:4      | Reached skill level 5 in Shields
  4942 | D:4      | Found Ofilio's Jewellery Shop.
  4945 | D:4      | Bought a +3 amulet of reflection for 172 gold pieces
  4973 | D:4      | Found a staircase to the Ecumenical Temple.
  4980 | Temple   | Entered the Ecumenical Temple
  5027 | Temple   | Became a worshipper of Warmaster Okawaru
  5216 | D:5      | Entered Level 5 of the Dungeon
  5216 | D:5      | Noticed twistedcrescendo's ghost (novice MiBe)
  5273 | D:4      | Found a shattered altar of Ashenzari.
  5569 | D:5      | Reached XP level 7. HP: 43/43 MP: 7/7
  5907 | D:6      | Lost mutation: Your mind is very acute. (Int +4) [potion of mutation]
  5907 | D:6      | Lost mutation: Your mind is acute. (Int +2) [potion of mutation]
  5907 | D:6      | Lost mutation: You have sharp fingernails. [potion of mutation]
  5907 | D:6      | Gained mutation: Your large and strong wings let you fly indefinitely. [potion of mutation]
  5907 | D:6      | Gained mutation: Your skin changes colour to match your surroundings (Stealth+). [potion of mutation]
  5958 | D:6      | Reached * piety under Okawaru
  5958 | D:6      | Reached skill level 5 in Armour
  6078 | D:6      | Reached skill level 5 in Maces & Flails
  6132 | D:6      | Reached skill level 1 in Invocations
  6442 | D:6      | Reached XP level 8. HP: 40/48 MP: 8/8
  7025 | D:5      | Noticed Pikel
  7108 | D:6      | Reached skill level 6 in Shields
  7408 | D:6      | Found a sparkling altar of Nemelex Xobeh.
  7438 | D:6      | Reached ** piety under Okawaru
  7474 | D:6      | Reached skill level 5 in Fighting
  7653 | D:6      | Noticed Duvessa
  7654 | D:6      | Noticed Dowan
  8058 | D:6      | Killed Duvessa
  8058 | D:6      | Reached skill level 1 in Stealth
  8058 | D:6      | Reached XP level 9. HP: 46/54 MP: 9/9
  8071 | D:6      | Killed Dowan
  8079 | D:6      | Noticed Blork the orc
  8096 | D:6      | Killed Blork the orc
  8096 | D:6      | Reached skill level 7 in Shields
  8201 | D:6      | Found a deep blue altar of Sif Muna.
  8650 | D:6      | Killed Pikel
  8650 | D:6      | Reached *** piety under Okawaru
  9277 | D:7      | Reached skill level 8 in Shields
  9292 | D:7      | Noticed Menkaure
  9306 | D:7      | Killed Menkaure
  9426 | D:7      | Received a gift from Okawaru
  9663 | D:7      | Found a hazy altar of Hepliaklqana.
  9713 | D:7      | Reached XP level 10. HP: 57/60 MP: 10/10
 10538 | D:6      | Found a sparkling altar of Nemelex Xobeh.
 10971 | D:6      | Found a deep blue altar of Sif Muna.
 11387 | D:7      | Found a hazy altar of Hepliaklqana.
 11493 | D:8      | Noticed matthes123's ghost (novice FoFi)
 11555 | D:8      | Killed matthes123's ghost
 11555 | D:8      | Reached skill level 9 in Shields
 11860 | D:8      | Noticed a two-headed ogre
 11876 | D:8      | Killed a two-headed ogre
 11876 | D:8      | Reached **** piety under Okawaru
 12122 | D:8      | Found Yruceff's Jewellery Shop.
 12152 | D:8      | Noticed a two-headed ogre
 12216 | D:7      | Killed a two-headed ogre
 12506 | D:8      | Found a white marble altar of Elyvilon.
 12563 | D:8      | Reached ***** piety under Okawaru
 13041 | D:8      | Reached skill level 10 in Maces & Flails
 13350 | D:8      | Reached XP level 11. HP: 67/67 MP: 11/11
 13363 | D:8      | Reached skill level 10 in Shields
 13768 | D:8      | Found a sacrificial altar of Ru.
 14373 | D:9      | Noticed Bnni's ghost (novice OpAs)
 14404 | D:9      | Killed Bnni's ghost
 14406 | D:9      | Found a staircase to the Lair.
 14607 | D:9      | Noticed a two-headed ogre
 14625 | D:9      | Killed a two-headed ogre
 14840 | D:10     | Entered Level 10 of the Dungeon
 14854 | D:10     | Noticed a two-headed ogre
 14879 | D:9      | Received a gift from Okawaru
 14897 | D:9      | Got a smoking scale mail {god gift}
 14908 | D:9      | Identified the +1 scale mail of Epsec {rF+ rC+ Dex+3} (Okawaru gifted it to you on level 9 of the Dungeon)
 14920 | D:9      | Lost mutation: Your large and strong wings let you fly indefinitely. [potion of mutation]
 14920 | D:9      | Gained mutation: Scrolls take you a little longer to read. [potion of mutation]
 14920 | D:9      | Gained mutation: Your mind is acute. (Int +2) [potion of mutation]
 15116 | D:9      | Found a shimmering altar of Xom.
 15174 | D:9      | Found Cogiosucs's Antique Weapon Shoppe.
 15797 | D:9      | Found a radiant altar of Vehumet.
 15925 | Lair:1   | Entered Level 1 of the Lair of Beasts
 16203 | Lair:1   | Reached skill level 11 in Shields
 16288 | Lair:1   | Noticed w0lly's ghost (journeyman DsBe)
 16331 | Lair:1   | Killed w0lly's ghost
 16959 | Lair:1   | Reached XP level 12. HP: 35/75 MP: 12/12
 17274 | Lair:1   | Learned a level 5 spell: Venom Bolt
 17843 | Lair:2   | Reached skill level 1 in Conjurations
 18524 | Lair:2   | Noticed a catoblepas
 18565 | Lair:2   | Killed a catoblepas
 18565 | Lair:2   | Received a gift from Okawaru
 18981 | Lair:2   | Found a hole to the Spider Nest.
 19383 | Lair:3   | Received a gift from Okawaru
 19450 | Lair:3   | Reached skill level 10 in Fighting
 19859 | Lair:3   | Reached skill level 12 in Shields
 20504 | Lair:3   | Reached skill level 10 in Armour
 20504 | Lair:3   | Reached XP level 13. HP: 83/83 MP: 13/13
 21498 | Lair:4   | Found a staircase to the Swamp.
 21514 | Lair:4   | Reached skill level 5 in Conjurations
 22479 | Lair:5   | Reached ****** piety under Okawaru
 22701 | Lair:5   | Learned a level 6 spell: Iron Shot
 23016 | Lair:5   | Received a gift from Okawaru
 23019 | Lair:5   | Got a brightly glowing hat {god gift}
 23025 | Lair:5   | Identified the -4 hat of Cualok {rPois} (Okawaru gifted it to you on level 5 of the Lair of Beasts)
 24140 | Lair:5   | Reached skill level 13 in Shields
 24784 | Lair:6   | Entered Level 6 of the Lair of Beasts
 25296 | Lair:6   | Found a staircase to the Slime Pits.
 25310 | Lair:6   | Gained mutation: Your large and strong wings let you fly indefinitely. [Gargoyle growth]
 25310 | Lair:6   | Reached XP level 14. HP: 87/92 MP: 14/14
 26308 | Lair:6   | Received a gift from Okawaru
 26463 | Lair:6   | Identified Fusu's Handbook of Ashen Dark Rites
 26574 | Lair:6   | Reached skill level 14 in Shields
 27844 | Swamp:1  | Entered Level 1 of the Swamp
 28369 | Swamp:1  | Noticed a thorn hunter
 28966 | D:10     | Received a gift from Okawaru
 29068 | D:10     | Got a pair of spiked gloves {god gift}
 29079 | D:10     | Identified the +3 pair of gloves of Brilliance {rN+ MR+ Str+2} (Okawaru gifted it to you on level 10 of the Dungeon)
 29346 | D:10     | Found a staircase to the Orcish Mines.
 29928 | D:11     | Reached skill level 15 in Shields
 30238 | D:11     | Reached XP level 15. HP: 97/97 MP: 15/15
 30435 | D:11     | Noticed Nicoed's ghost (journeyman MiBe)
 30506 | D:11     | Killed Nicoed's ghost
 31397 | D:12     | Noticed Harold
 31416 | D:12     | Killed Harold
 31546 | D:12     | Received a gift from Okawaru
 32007 | D:12     | Found Hyeczalim's General Store.
 32010 | D:12     | Bought a potion of heal wounds for 75 gold pieces
 32234 | D:12     | Found Olias's Weapon Emporium.
 32281 | D:12     | Found Citeilearr's Book Emporium.
 32281 | D:12     | Found Ajuobets's Distillery.
 32287 | D:12     | Bought a potion of heal wounds for 80 gold pieces
 32386 | D:13     | Found a gate to the Vaults.
 32386 | D:13     | Noticed Nessos
 32680 | D:12     | Received a gift from Okawaru
 32711 | D:13     | Killed Nessos
 32979 | D:13     | Reached skill level 16 in Shields
 33569 | D:14     | Noticed Frances
 33577 | D:14     | Received a gift from Okawaru
 33617 | D:14     | Killed Frances
 33631 | D:14     | Got a crude mace {god gift}
 33634 | D:14     | Identified the +0 mace "Wuugappim" {crush, Int+7} (Okawaru gifted it to you on level 14 of the Dungeon)
 34209 | D:14     | Noticed Rupert
 34238 | D:14     | Killed Rupert
 34534 | D:14     | Received a gift from Okawaru
 34854 | D:15     | Entered Level 15 of the Dungeon
 35062 | D:15     | Reached XP level 16. HP: 106/106 MP: 16/16
 35517 | D:15     | Found a staircase to the Depths.
 36088 | Orc:1    | Entered Level 1 of the Orcish Mines
 36847 | Orc:1    | Found a roughly hewn altar of Beogh.
 37226 | Orc:2    | Entered Level 2 of the Orcish Mines
 37234 | Orc:2    | Noticed emiel's ghost (journeyman FeWn)
 37322 | Orc:2    | Killed emiel's ghost
 37376 | Orc:2    | Reached skill level 15 in Maces & Flails
 37859 | Orc:2    | Found a staircase to the Elven Halls.
 38609 | Orc:2    | Found a roughly hewn altar of Beogh.
 38930 | Orc:2    | Found Migatu Erun's Distillery.
 38966 | Orc:2    | Bought a potion of haste for 120 gold pieces
 38966 | Orc:2    | Bought a potion of invisibility for 96 gold pieces
 38973 | Orc:2    | Found Ozalen's Book Shop.
 39357 | Orc:2    | Found a roughly hewn altar of Beogh.
 39664 | Orc:2    | Found Gozea's Food Boutique.
 39845 | Orc:2    | Received a gift from Okawaru
 39857 | Orc:2    | Found Foakha's Gadget Shop.
 40419 | D:4      | Bought the ring of Voed {*Corrode +Fly rPois Str+3 Slay+4} for 508 gold pieces
 40550 | D:5      | Killed twistedcrescendo's ghost
 40966 | Spider:1 | Entered Level 1 of the Spider Nest
 41348 | Spider:1 | Identified the Grimoire of Moulding and the Compass
 41574 | Spider:2 | Reached skill level 17 in Shields
 41638 | Spider:2 | Reached XP level 17. HP: 47/112 MP: 11/17
 41788 | Spider:2 | Reached skill level 15 in Fighting
 41937 | Spider:2 | Received a gift from Okawaru
 42844 | Spider:3 | Paralysed by a meliai for 6 turns
 43772 | Spider:3 | Lost mutation: Scrolls take you a little longer to read. [potion of mutation]
 43772 | Spider:3 | Lost mutation: Your mind is acute. (Int +2) [potion of mutation]
 43772 | Spider:3 | Gained mutation: You are somewhat resistant to further mutation. [potion of mutation]
 44020 | Spider:3 | Reached skill level 15 in Armour
 44704 | Spider:4 | Entered Level 4 of the Spider Nest
 44788 | Spider:4 | Noticed Arachne
 44932 | Spider:4 | Killed Arachne
 45485 | Spider:4 | Received a gift from Okawaru
 45767 | Spider:4 | Reached XP level 18. HP: 120/120 MP: 18/18
 45884 | Spider:4 | HP: 7/180 [redback (8)]
 45888 | Spider:4 | HP: 3/180 [something (2)]
 45907 | Spider:4 | HP: 4/120 [something (3)]
 45924 | Spider:4 | Slain by a ghost moth

Skill      XL: |  1  2  3  4  5  6  7  8  9 10 11 12 13 14 15 16 17 18 |
---------------+-------------------------------------------------------+-----
Maces & Flails | 3 4 5 6 8 10 11 12 13 14 15 16 | 16.0
Shields        | 4 5 6 8 9 11 12 13 15 16 17 | 17.8
Armour         | 4 5 6 7 8 10 11 12 14 15 16 | 16.0
Dodging        | 1 2 3 |  3.0
Fighting       | 4 5 6 7 8 10 12 14 15 | 15.8
Invocations    | 1 |  1.2
Stealth        | 1 2 |  2.0
Conjurations   | 4 5 6 |  6.0
Evocations     | |  0.4

Action                   |  1- 3 |  4- 6 |  7- 9 | 10-12 | 13-15 | 16-18 || total
-------------------------+-------+-------+-------+-------+-------+-------++-------
Melee: Flail             |   118 |   309 |    67 |       |   167 |       ||   661
       Mace              |       |       |   308 |  1321 |  2027 |    76 ||  3732
       Morningstar       |       |       |       |       |   497 |  1626 ||  2123
 Fire: Blowgun           |       |       |     3 |     6 |       |       ||     9
Throw: Tomahawk          |       |       |     5 |     3 |    11 |    62 ||    81
       Javelin           |       |       |       |     7 |    12 |       ||    19
Invok: Heroism           |       |       |     2 |     4 |     9 |    10 ||    25
       Finesse           |       |       |       |       |     5 |     2 ||     7
 Abil: Fly               |       |       |     1 |       |     3 |     1 ||     5
       Stop Flying       |       |       |     1 |       |     3 |     1 ||     5
Evoke: Wand              |       |       |       |       |    11 |    11 ||    22
  Use: Scroll            |       |    11 |     6 |    12 |    23 |     6 ||    58
       Potion            |       |     2 |     2 |     8 |     2 |    10 ||    24
 Stab: Invisible         |       |       |       |     2 |       |       ||     2
  Eat: Ration            |     1 |     1 |     2 |     6 |     9 |     8 ||    27
       Chunk             |       |     8 |     8 |    20 |    21 |    10 ||    67
Armor: Scale mail        |    71 |   139 |   104 |       |       |       ||   314
       Plate armour      |       |       |    42 |   721 |  1436 |  1171 ||  3370
       Skin              |       |       |       |     7 |       |   155 ||   162
Dodge: Dodged            |    36 |    92 |    69 |   290 |   620 |   515 ||  1622
Block: Shield            |    70 |   153 |   250 |  1013 |  2207 |  2011 ||  5704
       Reflection        |       |       |     7 |     8 |    46 |    13 ||    74
